 Dungeon Crawl Stone Soup version 0.26.0-16-gc1dbca0489 (webtiles) character file.

Game seed: 5534019042142486217

259 kaeus the Cutter (level 6, 0/39 HPs)
             Began as a Kobold Berserker on Jan 20, 2021.
             Was a Priest of Trog.
             Slain by a gnoll (6 damage)
             ... on level 3 of the Dungeon.
             The game lasted 00:06:24 (2682 turns).

kaeus the Cutter (Kobold Berserker)                 Turns: 2682, Time: 00:06:25

Health: 0/39       AC:  4    Str: 15    XL:     6   Next: 40%
Magic:  6/6        EV: 16    Int:  8    God:    Trog [***...]
Gold:   208        SH:  0    Dex: 16    Spells: 5/5 levels left

rFire    . . .     SeeInvis +   f - +0 dagger (drain)
rCold    + . .     Faith    .   (shield restricted)
rNeg     . . .     Spirit   .   i - +0 leather armour
rPois    .         Reflect  .   l - +0 helmet
rElec    .         Harm     .   (no cloak)
rCorr    .         Rampage  .   (no gloves)
Will     .....                  (no boots)
Stlth    +++.......             (no amulet)
HPRegen  0.13/turn              m - ring of protection from cold
MPRegen  0.10/turn              o - ring of see invisible

@: berserk cooldown, flying (expiring)
A: small, nightstalker 3
a: Renounce Religion, Berserk, Trog's Hand


You were on level 3 of the Dungeon.
You worshipped Trog.
Trog was most pleased with you.
You visited 1 branch of the dungeon, and saw 3 of its levels.
You also visited: Sewer.

You collected 208 gold pieces.

Inventory:

Hand Weapons
 f - a +0 dagger of draining (weapon)
Armour
 b - a +0 animal skin
 i - a +0 leather armour (worn)
 l - a +0 helmet (worn)
Jewellery
 m - a ring of protection from cold (left hand)
 o - a ring of see invisible (right hand)
Scrolls
 d - 3 scrolls of remove curse {unknown}
 e - 2 scrolls of enchant weapon {unknown}
 k - 2 scrolls of identify {unknown}
 n - a scroll of magic mapping {unknown}
Potions
 a - a potion of ambrosia {unknown}
 g - a potion of lignification {unknown}
 h - a potion of resistance {unknown}
 j - a potion of flight
 p - a potion of berserk rage {unknown}
 q - a potion of degeneration {unknown}


   Skills:
 + Level 4.6 Fighting
 + Level 5.5 Short Blades
 - Level 1.5 Armour
 + Level 4.3 Dodging
 + Level 4.0 Stealth


You had 5 spell levels left.
You didn't know any spells.
Your spell library was empty.

Dungeon Overview and Level Annotations

Branches:
Dungeon (3/15)              Sewer (visited)

Altars:
Nemelex Xobeh

Annotations:
D:3 Ijyb


Innate Abilities, Weirdness & Mutations

You are small and have problems with some larger weapons.
You are completely attuned to the shadows.


Message History

The gnoll is heavily wounded.
The gnoll closely misses you.
You hit the gnoll. You drain the gnoll.
You kill the gnoll!
Trog accepts your kill.
You hit the gnoll but do no damage. The gnoll hits you.
* * * LOW HITPOINT WARNING * * *
You hit the gnoll.
The gnoll is moderately wounded.
You feel yourself speed up.
You are starting to lose your buoyancy.
The gnoll misses you. The gnoll barely misses you.
You closely miss the gnoll.
The gnoll is moderately wounded.
You hit the gnoll but do no damage.
The gnoll is moderately wounded.
The gnoll hits you but does no damage.
You hit the gnoll but do no damage.
The gnoll is moderately wounded.
The gnoll hits you.
You die...

..#≈≈≈#............
..#≈≈≈#......#.###
..#≈.†#..#.###..#
..#†)≈#..#.#
##.#####
..#≈)≈#..#.#
#.#....
..##)##..#.. #...#
.........### ##.<#
.........####.##..#
.........g@...###)#
#......########
#.## .......# #..#
.......# ##.#
.......# #.## #..#
##.### #...# ##..#


You could see a gnoll.

Vanquished Creatures
  Purgy (Sewer)
  6 adders
  3 gnolls (D:3)
  2 worms (D:2)
  A leopard gecko (D:2)
  2 orcs (D:3)
  14 bats
  5 giant cockroaches
  12 hobgoblins
  8 jackals (D:3)
  A ball python (D:2)
  11 goblins
  3 kobolds
  5 rats
74 creatures vanquished.

Notes
Turn   | Place    | Note
-------+----------+-------------------------------------------
     0 | D:1      | kaeus the Kobold Berserker began the quest for the Orb.
     0 | D:1      | Reached XP level 1. HP: 14/14 MP: 1/1
    56 | D:1      | Reached skill level 1 in Stealth
    56 | D:1      | Reached XP level 2. HP: 19/19 MP: 2/2
   159 | D:1      | Found a sparkling altar of Nemelex Xobeh.
   490 | D:1      | Reached XP level 3. HP: 18/23 MP: 3/3
   760 | D:2      | Reached ** piety under Trog
  1157 | D:2      | Reached XP level 4. HP: 29/29 MP: 4/4
  1977 | D:3      | Reached XP level 5. HP: 26/33 MP: 5/5
  1988 | D:3      | Reached skill level 5 in Short Blades
  2117 | D:3      | Found a glowing drain.
  2134 | Sewer    | Entered a sewer
  2382 | Sewer    | Noticed Purgy
  2452 | Sewer    | Killed Purgy
  2453 | Sewer    | Reached XP level 6. HP: 24/39 MP: 6/6
  2639 | D:3      | Reached *** piety under Trog
  2647 | D:3      | Noticed Ijyb
  2682 | D:3      | Slain by a gnoll

Illustrated notes

Levels and vault maps discovered:
D:1:      dpeg_arrival_short_road, layout_loops_ring,
          nemelex_xobeh_ov_fountains_minmay
D:2:      layout_loops_cross
D:3:      layout_basic, gup_sewer_entry_glass, nicolae_tso_swordbearing_angel,
          uniq_ijyb, uniq_sigmund

Skill      XL: |  1  2  3  4  5  6 |
---------------+-------------------+-----
Stealth        | 1 2 3 4 |  4.0
Dodging        | 3 4 |  4.3
Fighting       | 4 |  4.6
Short Blades   | 5 |  5.5
Armour         | |  1.5

Action                   |  1- 3 |  4- 6 || total
-------------------------+-------+-------++-------
Melee: Short sword       |    10 |       ||    10
       Dagger            |    54 |   227 ||   281
Invok: Berserk           |       |     1 ||     1
       Trog's Hand       |       |     1 ||     1
  Use: Potion            |       |     2 ||     2
 Stab: Sleeping          |    21 |     3 ||    24
Armor: Animal skin       |     6 |       ||     6
       Leather armour    |       |    81 ||    81
Dodge: Dodged            |    31 |   279 ||   310
